AoeStats
← neoareyaneg

Oasis

509985925Analyzed
3v3 RM · 3d ago on Sep 28, 2026· 68m 31s· 6 players
Game mode
Random Map
Map size
Normal (6 player)
Population
200
Speed
Normal
Resources
Standard
Victory
Conquest
Starting age
Dark Age
Ending age
Imperial Age
RankedLock teamsTeams togetherTeam positionsShared explorationLock speedFull tech treeHidden civsTurbo modeCheats
Victory
Defeat
🇧🇷 Khmer · Brazil
934
+12
877
+15
🇲🇽 Magyars · Mexico
874
+15
🇲🇽 Vietnamese · Mexico
851
-14
🇲🇽 Mongols · Mexico
851
-14
🇲🇽 Celts · Mexico
849
-14
mrusuario0001
3:36 Loom
5:18 Loom
11:05 Feudal Age
12:38 Wheelbarrow
13:48 Scale Barding Armor
16:45 Fletching
19:16 Double-Bit Axe
22:35 Horse Collar
22:49 Gold Mining
26:23 Stone Mining
29:47 Castle Age
28:37 Bloodlines
30:12 Padded Archer Armor
31:20 Gold Shaft Mining
31:12 Hand Cart
31:00 Heavy Plow
31:13 Bow Saw
30:50 Crossbowman
31:51 Bodkin Arrow
35:02 Chain Barding Armor
37:34 Ballistics
37:17 Corvinian Army
41:21 Caravan
41:48 Thumb Ring
43:29 Pikeman
47:29 Scale Mail Armor
47:23 Light Cavalry
50:38 Husbandry
52:38 Town Watch
53:42 Arson
58:56 Imperial Age
60:06 Conscription
60:45 Parthian Tactics
59:44 Heavy Cavalry Archer
61:48 Chemistry
60:52 Recurve Bow
61:10 Heavy Scorpion
61:26 Elite Magyar Huszar
62:33 Bracer
64:01 Chain Mail Armor
64:21 Plate Barding Armor
65:08 Two-Man Saw
64:45 Crop Rotation
65:47 Capped Ram
66:50 Leather Archer Armor
♞♕❤Staffan❤♕ ツ シ
0:44 Loom
11:25 Feudal Age
12:25 Double-Bit Axe
21:11 Castle Age
19:29 Fletching
19:39 Padded Archer Armor
20:50 Horse Collar
21:04 Gold Mining
21:05 Stone Mining
22:24 Bow Saw
23:31 Stone Shaft Mining
23:28 Crossbowman
25:54 Bodkin Arrow
30:06 Thumb Ring
30:07 Treadmill Crane
34:05 Wheelbarrow
34:57 Town Watch
38:11 Imperial Age
36:51 Heavy Plow
37:28 Leather Archer Armor
39:14 Ballistics
39:54 Chemistry
38:25 Capped Ram
38:50 Arbalester
41:08 Two-Man Saw
41:16 Bracer
41:47 Ring Archer Armor
43:19 Siege Ram
46:39 Elite Plumed Archer
49:09 Crop Rotation
50:12 Conscription
49:55 Murder Holes
50:21 Caravan
50:57 Hand Cart
50:42 Town Patrol
52:35 Masonry
54:18 Hul'che Javelineers
53:42 Elite Skirmisher
61:27 Eagle Warrior
62:08 Squires
61:57 Arson
63:25 Elite Eagle Warrior
65:46 Scale Mail Armor
65:56 Forging
67:08 Chain Mail Armor
69:36 Holcans
Caio Pai
1:56 Loom
14:00 Feudal Age
17:44 Castle Age
15:41 Horse Collar
16:28 Double-Bit Axe
18:59 Wheelbarrow
18:49 Bow Saw
19:24 Gold Mining
22:17 Hand Cart
22:26 Stone Mining
25:20 Pikeman
26:27 Husbandry
30:28 Heavy Plow
30:51 Tusk Swords
34:59 Caravan
38:19 Imperial Age
38:55 Scale Barding Armor
38:50 Scale Mail Armor
38:50 Padded Archer Armor
38:41 Fletching
39:01 Forging
39:41 Gold Shaft Mining
39:42 Stone Shaft Mining
40:06 Halberdier
41:13 Conscription
42:05 Chemistry
42:00 Masonry
41:55 Siege Engineers
42:11 Ballistics
43:03 Double Crossbow
43:09 Elite Ballista Elephant
47:21 Onager
47:35 Heavy Scorpion
50:01 Architecture
49:54 Chain Barding Armor
49:49 Chain Mail Armor
49:50 Leather Archer Armor
49:30 Bodkin Arrow
50:10 Iron Casting
50:30 Onager
56:54 Cavalier
59:46 Fortified Wall
59:31 Murder Holes
60:28 Plate Barding Armor
60:23 Ring Archer Armor
59:54 Bracer
60:54 Blast Furnace
60:30 Elite Battle Elephant
agv894
12:04 Feudal Age
12:35 Double-Bit Axe
12:36 Horse Collar
15:43 Loom
17:49 Town Watch
18:47 Gold Mining
22:09 Bloodlines
24:32 Castle Age
22:46 Scale Barding Armor
22:52 Forging
22:49 Stone Mining
24:34 Light Cavalry
25:30 Bow Saw
25:22 Heavy Plow
27:49 Husbandry
28:32 Chain Barding Armor
29:39 Gold Shaft Mining
29:39 Stone Shaft Mining
30:46 Iron Casting
32:52 Wheelbarrow
39:03 Imperial Age
37:06 Thumb Ring
38:01 Hand Cart
38:29 Padded Archer Armor
40:06 Conscription
41:20 Ballistics
42:17 Town Patrol
43:40 Chemistry
43:59 Elite Mangudai
45:29 Murder Holes
46:47 Fletching
47:13 Leather Archer Armor
48:28 Hussar
53:01 Bodkin Arrow
54:13 Parthian Tactics
61:35 Bracer
62:36 Blast Furnace
yehoshafat.s.r
6:25 Loom
9:53 Feudal Age
11:49 Wheelbarrow
11:03 Double-Bit Axe
16:42 Padded Archer Armor
16:33 Fletching
16:52 Horse Collar
21:53 Castle Age
21:20 Gold Mining
21:20 Stone Mining
23:47 Bow Saw
23:39 Heavy Plow
23:59 Hand Cart
23:46 Elite Skirmisher
25:03 Bodkin Arrow
25:23 Leather Archer Armor
29:23 Ballistics
30:19 Stone Shaft Mining
31:26 Thumb Ring
34:28 Imperial Age
36:15 Elite Rattan Archer
38:32 Chemistry
38:40 Ring Archer Armor
42:11 Siege Engineers
47:25 Paper Money
50:45 Bracer
50:55 Man-at-Arms
neoareyaneg
2:02 Loom
11:59 Feudal Age
12:29 Double-Bit Axe
12:27 Horse Collar
20:22 Arson
24:46 Castle Age
22:56 Man-at-Arms
23:45 Scale Barding Armor
23:40 Scale Mail Armor
24:43 Forging
24:34 Padded Archer Armor
25:55 Bow Saw
25:39 Gold Mining
25:40 Stone Mining
26:37 Wheelbarrow
25:47 Town Watch
26:04 Fletching
38:18 Gambesons
40:33 Town Watch
41:40 Stronghold
42:39 Town Patrol
43:13 Pikeman
52:59 Imperial Age
50:52 Hand Cart
54:00 Caravan
53:32 Elite Woad Raider
54:22 Furor Celtica
54:23 Heavy Scorpion
54:24 Onager
55:03 Halberdier
56:25 Hoardings
57:50 Onager
64:22 Furor Celtica
63:49 Light Cavalry
64:31 Husbandry
63:51 Cavalier
Connection lost

Rejoining the realm…

Still unreachable

The connection could not be restored.

Session expired

The server has moved on; the page needs a fresh start.